 Dungeon Crawl Stone Soup version 0.29.1-15-g9cfb28693d (webtiles) character file.

Game seed: 1912019767805689426

3040 hawla the Arsonist (level 10, -9/74 HPs)
             Began as a Meteoran Fire Elementalist on Mar 21, 2023.
             Mangled by a vampire (11 damage)
             ... on level 6 of the Dungeon.
             The game lasted 00:13:38 (2866 turns).

hawla the Arsonist (Meteoran Fire Elementalist)     Turns: 2866, Time: 00:13:39

Health: -9/74      AC:  3    Str: 14    XL:     10   Next: 32%
Magic:  0/24       EV: 14    Int: 21    God:
Gold:   169        SH:  0    Dex: 15    Spells: 21/28 levels left

rFire   . . .      SeeInvis .   k - +10 dagger of Beolog {speed, Fly rC- Will+ Str+4}
rCold   x . .      Faith    .   (no shield)
rNeg    . . .      Spirit   .   a - +0 robe
rPois   .          Reflect  .   (no helmet)
rElec   .          Harm     .   i - +0 cloak
rCorr   +          Rampage  .   (no gloves)
Will    ++...                   (no boots)
Stlth   +.........              t - amulet of the acrobat
HPRegen 0.22/turn               p - ring of flight
MPRegen 0.19/turn               r - ring of resist corrosion

@: flying, very slightly contaminated, glowing
A: sense surroundings 2, otherworldly, glowing, explore regen
a: no special abilities


You were on level 6 of the Dungeon.
You visited 2 branches of the dungeon, and saw 7 of its levels.

You collected 169 gold pieces.

Inventory:

Hand Weapons
 g - a +4 quarterstaff of chaos
 k - the +10 dagger of Beolog (weapon) {speed, Fly rC- Will+ Str+4}
   (You found it on level 5 of the Dungeon)

   Attacks with this weapon are significantly faster.
   Str:       It affects your strength (+4).
   rC:        It makes you vulnerable to cold.
   Fly:       It grants you flight.
   Will:      It increases your willpower.
Armour
 a - a +0 robe (worn)
 i - a +0 cloak (worn)
Jewellery
 p - a ring of flight (left hand)
 r - a ring of resist corrosion (right hand)
 s - a ring of willpower
 t - an amulet of the acrobat (around neck)
Wands
 l - a wand of polymorph (6)
 n - a wand of iceblast (8)
 o - a wand of mindburst (4)
Scrolls
 b - 3 scrolls of teleportation
 c - a scroll of vulnerability {unknown}
 d - a scroll of noise
 e - 4 scrolls of identify {unknown}
 f - 3 scrolls of magic mapping {unknown}
 h - a scroll of blinking {unknown}
 m - a scroll of enchant weapon {unknown}
 u - 2 scrolls of fog {unknown}


   Skills:
 + Level 2.5 Fighting
 + Level 0.6 Short Blades
 + Level 4.5 Dodging
 - Level 1.4 Stealth
 + Level 9.5 Spellcasting
 + Level 6.8 Conjurations
 + Level 10.2 Fire Magic
 + Level 3.0 Evocations


You had 21 spell levels left.
You knew the following spells:

 Your Spells              Type           Power      Damage    Failure   Level
a - Foxfire               Conj/Fire      100%       2x1d9     1%          1
b - Scorch                Fire           100%       2d10      1%          2
c - Flame Wave            Conj/Fire      45%        2d12      1%          4

Your spell library contained the following spells:

 Spells                   Type           Power      Damage    Failure   Level
 Conjure Flame            Conj/Fire      45%        6-21      1%          3
 Inner Flame              Hex/Fire       31%        N/A       2%          3
 Ensorcelled Hibernation  Hex/Ice        20%        N/A       11%         2
 Spider Form              Tmut/Pois      10%        N/A       21%         3
 Anguish                  Hex/Necr       5%         N/A       56%         4


Dungeon Overview and Level Annotations

Branches:
Dungeon (6/15) Zot: 1110   Temple (1/1) D:6 Zot: 245

Altars:
Ashenzari
Cheibriados
Dithmenos
Elyvilon
Fedhas
Gozag
Hepliaklqana
Kikubaaqudgha
Makhleb
Nemelex Xobeh
Okawaru
Qazlal
Ru
Sif Muna
Trog
Uskayaw
Vehumet
Wu Jian
Xom
Yredelemnul
Zin
The Shining One

Annotations:
D:6 1 transporter


Innate Abilities, Weirdness & Mutations

You passively map the area around you.
You are easily found by Zot.
You glow in the dark.
You regain HP and MP as you explore.


Message History

The vampire hits you. The vampire bites you.
* * * LOW HITPOINT WARNING * * *
The vampire draws strength from your injuries!
You hit the vampire but do no damage.
The vampire is severely damaged.
The vampire is no longer more vulnerable to fire.
The vampire draws life force from you.
* * * LOW HITPOINT WARNING * * *
The vampire is healed by the life force!
You hit the vampire.
The vampire is severely damaged.
You hit the vampire.
The vampire is almost destroyed.
The vampire hits you.
* * * LOW HITPOINT WARNING * * *
The vampire bites you.
* * * LOW HITPOINT WARNING * * *
The vampire draws strength from your injuries!
You aren't carrying any potions.
As you read the scroll labelled SEESOCOSTRA, it crumbles to dust.
You hear a loud clanging noise!
It was a scroll of noise.
The vampire barely misses you. The vampire bites you.
* * * LOW HITPOINT WARNING * * *
The vampire draws strength from your injuries!
Okay, then.
Casting: Flame Wave (dangerous; 1% risk of failure)
Confirm with . or Enter, or press ? or * to list all spells.
You conjure some foxfire!
The vampire hits you.
* * * LOW HITPOINT WARNING * * *
The vampire bites you.
* * * LOW HITPOINT WARNING * * *
The vampire draws strength from your injuries!
You completely miss the vampire.
The vampire is severely damaged.
The foxfire hits the vampire.
The vampire is severely damaged.
The foxfire hits the vampire but does no damage.
The vampire is severely damaged.
The vampire hits you!
You die...

..####.###.##..#....###.#...[[...
..# #.#...<#..#....###.#.#.##..#
#.# #.#.#.##...........#.#.##..#
#.## #.#.#.#..#########...#.##.##
#..###^#.#.#.##...©...##..#.##...
.......#.....#8.##.##.8#..#.##.##
...###...#.#.#..##.##!$#..#.##.##
...###.......#.†V....(_#..#......
#.##.....#..©#..@....._#©...#..##
#.##.#.......#.§§....$_#..#...##
#.##.###.#.#.#..##.##.$#.#..#####
#.##.# #.#.#.#8.##.##.8#.#.##....
#.##.# #.#.#.##.......##.#.##....
#.##.# #.#.#..#########....##....
#.##.# #.#..#............####....
#.##.###.##.####.#######.........
.................####....####....


You could see a vampire.

Vanquished Creatures
  Pikel (D:4)
  An unseen horror (D:6)
  Grinder (D:5)
  Sigmund (D:5)
  Menkaure (D:4)
  A hornet zombie (D:6)
  An orc warrior (D:5)
  An ice beast (D:6)
  An ogre (D:5)
  4 lemures (D:4)
  2 kobold brigands
  Blork the orc (D:6)
  A wyvern zombie (D:6)
  3 necrophages
  3 scorpions
  A water moccasin zombie (D:6)
  A wight (D:6)
  A howler monkey (D:6)
  2 centaur zombies (D:6)
  A bullfrog zombie (D:6)
  A jelly (D:6)
  4 hounds
  A human zombie (D:6)
  Crazy Yiuf (D:4)
  5 iguanas
  4 orc wizards
  Ijyb (D:5)
  A mummy (D:6)
  2 howler monkey zombies (D:6)
  3 gnolls (D:4)
  2 adders (D:4)
  A shadow imp (D:5)
  3 ufetubi (D:6)
  A worm (D:2)
  23 orcs
  A ball python (D:3)
  A bat (D:2)
  An endoplasm (D:4)
  A giant cockroach (D:3)
  4 goblins (D:4)
  5 hobgoblins
  A quokka (D:5)
  A frilled lizard (D:5)
  8 kobolds
  3 rats
108 creatures vanquished.

Vanquished Creatures (others)
  131 foxfires
  A fungus (D:4)
  16 plants (D:5)
148 creatures vanquished.

Grand Total: 256 creatures vanquished

Notes
Turn   | Place    | Note
-------+----------+-------------------------------------------
     0 | D:1      | hawla the Meteoran Fire Elementalist began the quest for
                  | the Orb.
     0 | D:1      | Reached XP level 1. HP: 14/14 MP: 5/5
    21 | D:2      | Reached XP level 2. HP: 19/20 MP: 1/6
    34 | D:3      | Reached skill level 4 in Fire Magic
    39 | D:3      | Learned a level 2 spell: Scorch
   118 | D:4      | Noticed a scorpion
   121 | D:4      | Killed a scorpion
   122 | D:4      | Reached XP level 3. HP: 20/26 MP: 1/9
   122 | D:4      | Reached XP level 4. HP: 26/33 MP: 1/10
   127 | D:4      | Learned a level 4 spell: Flame Wave
   145 | D:4      | Reached XP level 5. HP: 31/38 MP: 3/11
   175 | D:4      | Noticed a necrophage
   181 | D:4      | Killed a necrophage
   184 | D:4      | Reached XP level 6. HP: 40/45 MP: 1/12
   374 | D:4      | Noticed Menkaure
   380 | D:4      | Killed Menkaure
   381 | D:4      | Reached skill level 5 in Conjurations
   381 | D:4      | Reached skill level 5 in Fire Magic
   381 | D:4      | Reached XP level 7. HP: 28/50 MP: 6/14
   555 | D:3      | Reached skill level 6 in Fire Magic
   876 | D:4      | Noticed Pikel
   882 | D:4      | Killed Pikel
   883 | D:4      | Reached skill level 5 in Spellcasting
   883 | D:4      | Reached skill level 7 in Fire Magic
   883 | D:4      | Reached XP level 8. HP: 35/58 MP: 3/17
   927 | D:4      | Found a runed translucent door.
   928 | D:4      | Noticed Crazy Yiuf
   933 | D:4      | Killed Crazy Yiuf
   934 | D:4      | Reached skill level 1 in Fighting
  1020 | D:5      | Entered Level 5 of the Dungeon
  1024 | D:5      | Identified the +10 dagger of Beolog {speed, Fly rC- Will+
                  | Str+4}
  1027 | D:5      | Noticed Sigmund
  1030 | D:5      | Killed Sigmund
  1088 | D:5      | Noticed Ijyb
  1094 | D:5      | Killed Ijyb
  1140 | D:5      | Gained mutation: You passively map the area around you.
                  | [Meteoran growth]
  1140 | D:5      | Reached XP level 9. HP: 64/64 MP: 14/20
  1185 | D:5      | Noticed Grinder
  1191 | D:5      | Killed Grinder
  1192 | D:5      | Reached skill level 8 in Fire Magic
  1836 | D:6      | Reached skill level 9 in Fire Magic
  1869 | D:6      | Found a staircase to the Ecumenical Temple.
  1896 | Temple   | Entered the Ecumenical Temple
  2067 | D:6      | HP: 3/67 [water moccasin zombie (5)]
  2111 | D:6      | Noticed Blork the orc
  2116 | D:6      | Killed Blork the orc
  2123 | D:6      | Found a transporter.
  2123 | D:6      | Found a transporter.
  2213 | D:6      | Reached XP level 10. HP: 73/73 MP: 17/23
  2406 | D:6      | Found a basalt altar of Yredelemnul.
  2819 | D:6      | Found a hide-covered altar of Uskayaw.
  2827 | D:6      | Found a radiant altar of Vehumet.
  2827 | D:6      | Found a hazy altar of Hepliaklqana.
  2854 | D:6      | Killed an unseen horror
  2855 | D:6      | Reached skill level 10 in Fire Magic
  2865 | D:6      | HP: 2/74 [vampire (4)]
  2866 | D:6      | Mangled by a vampire

Illustrated notes

Levels and vault maps discovered:
D:1:      lemuel_arrival_river_ford, layout_loops_ring
D:2:      layout_rooms, dk_noncrumbling_4
D:3:      layout_basic, nrook_mini_backslash, chequers_serial_rivers_micro_c,
          kennysheep_generic_room_2
D:4:      layout_loops_ring, nicolae_hexahallways, uniq_crazy_yiuf_cottage,
          uniq_menkaure, uniq_pikel
D:5:      layout_loops_cross, minivault_27, lexackson_kobold_supper, uniq_ijyb,
          uniq_grinder, uniq_sigmund
D:6:      layout_basic, gammafunk_temple_overflow_arena,
          lemuel_mausoleum_altar_yredelemnul, temple_pool_b, uniq_blork_the_orc
Temple:   compressed_dpeg_circular_temple

Skill      XL: |  1  2  3  4  5  6  7  8  9 10 |
---------------+-------------------------------+-----
Fire Magic     | 4 5 7 9 10 | 10.2
Spellcasting   | 3 4 5 6 8 9 |  9.5
Conjurations   | 2 4 5 6 |  6.8
Dodging        | 3 4 |  4.5
Fighting       | 1 2 |  2.5
Evocations     | 2 3 |  3.0
Short Blades   | |  0.6
Stealth        | |  1.4

Action                   |  1- 3 |  4- 6 |  7- 9 | 10-12 || total
-------------------------+-------+-------+-------+-------++-------
Melee: Unarmed           |     2 |       |    16 |       ||    18
       Dagger            |       |       |    12 |    13 ||    25
 Cast: Foxfire           |    12 |    19 |    35 |    14 ||    80
       Scorch            |     3 |     5 |    41 |    11 ||    60
       Flame Wave        |       |       |    14 |     8 ||    22
  Use: Potion            |     1 |       |     4 |     2 ||     7
       Scroll            |       |       |       |     2 ||     2
Armor: Robe              |     5 |     1 |    13 |    10 ||    29
Dodge: Dodged            |     3 |       |    45 |    36 ||    84
